 Seeded DCSS version 0.28.0-47-ge53b351184 (webtiles) character file.

Game seed: 523019199727972820 (custom seed)

128 thiscave3701365 the Chopper (level 4, 0/41 HPs)
             Began as a Minotaur Berserker on May 9, 2022.
             Was a Believer of Trog.
             Slain by a goblin
             ... wielding a +0 club
              (2 damage)
             ... on level 4 of the Dungeon.
             The game lasted 00:01:16 (3437 turns).

thiscave3701365 the Chopper (Minotaur Berserker)    Turns: 3437, Time: 00:01:17

Health: 0/41       AC:  2    Str: 24    XL:     4   Next: 86%
Magic:  3/3        EV: 12    Int:  4    God:    Trog [**....]
Gold:   130        SH:  0    Dex:  9    Spells: 3/3 levels left

rFire   . . .      SeeInvis .   a - +0 hand axe
rCold   . . .      Faith    .   (no shield)
rNeg    . . .      Spirit   .   b - +0 animal skin
rPois   .          Reflect  .   (helmet restricted)
rElec   .          Harm     .   (no cloak)
rCorr   .          Rampage  .   (no gloves)
Will    .....                   (no boots)
Stlth   +.........              (no amulet)
HPRegen 0.13/turn               (no ring)
MPRegen 0.08/turn               (no ring)

@: on berserk cooldown, slowed, very slow
A: horns 2, retaliatory headbutt
a: Renounce Religion, Berserk, Trog's Hand


You were on level 4 of the Dungeon.
You worshipped Trog.
Trog was pleased with you.
You visited 1 branch of the dungeon, and saw 4 of its levels.

You collected 130 gold pieces.

Inventory:

Hand Weapons
 a - a +0 hand axe (weapon)
Missiles
 i - 2 throwing nets
Armour
 b - a +0 animal skin (worn)
Jewellery
 h - an amulet of faith
 j - a ring of poison resistance
 r - an amulet of guardian spirit
Scrolls
 c - 2 scrolls of fog {unknown}
 e - 4 scrolls of teleportation {unknown}
 k - a scroll of identify {unknown}
 l - a scroll of amnesia {unknown}
 m - a scroll of fear {unknown}
 n - a scroll of blinking {unknown}
 o - 2 scrolls of vulnerability {unknown}
Potions
 d - a potion of curing {unknown}
 f - a potion of berserk rage {unknown}
 g - a potion of resistance {unknown}
 p - a potion of invisibility {unknown}
 q - a potion of might {unknown}


   Skills:
 - Level 4.4 Fighting
 + Level 5.8 Axes
 - Level 2.5 Armour
 - Level 2.6 Dodging
 - Level 0.3 Stealth


You had 3 spell levels left.
You didn't know any spells.
Your spell library was empty.

Dungeon Overview and Level Annotations

Branches:
Dungeon (4/15)
 Temple: D:4-7

Altars:
Ashenzari

Annotations:
D:3 3 runed translucent doors, pkoi's ghost, weakling DgCj


Innate Abilities, Weirdness & Mutations

You have a pair of horns on your head.
You reflexively headbutt those who attack you in melee.


Message History

The phantom hits you.
The goblin shoots a stone.
The stone hits you.
Unknown command.
You are too injured to fight recklessly!
You are too injured to fight recklessly!
Unknown command.
You are too injured to fight recklessly!
Unknown command.
You are too injured to fight recklessly!
You slash the phantom! Your headbutt misses the phantom.
The phantom is moderately damaged.
The phantom barely misses you.
The goblin shoots a stone.
The stone misses you. The phantom hits you.
The phantom blinks!
You blink.
Unknown command.
You closely miss the phantom. You headbutt the phantom.
The phantom is moderately damaged.
The goblin shoots a stone.
The stone hits you. The phantom barely misses you. You furiously retaliate!
You headbutt the phantom, but do no damage.
You hit the phantom. You headbutt the phantom!
The phantom is almost destroyed.
A goblin comes into view. It is wielding a +0 club.
The phantom hits you!
* * * LOW HITPOINT WARNING * * *
The phantom blinks!
You blink.
The phantom hits you.
* * * LOW HITPOINT WARNING * * *
The phantom blinks!
You blink.
You barely miss the phantom. Your headbutt misses the phantom.
The phantom is severely damaged.
The phantom closely misses you.
You closely miss the phantom. Your headbutt misses the phantom.
Your punch misses the phantom.
The phantom is severely damaged.
The phantom barely misses you. The phantom hits you.
* * * LOW HITPOINT WARNING * * *
The phantom blinks!
You blink.
The phantom hits you but does no damage.
You closely miss the phantom.
The phantom is severely damaged.
You barely miss the goblin. The goblin hits you with a +0 club.
You die...

.....# .##### .#
.############
..††.........
.....######.# ####.#
#.####### #### ##.##
##.##.#..#.....
#...# #..>..W@.....#
#...# #......g.#####
#...# #.###..#.##
#...# #...##'#..#
###...####...#.g#..#
.............#..#..#
.......#######..#...
.......# #)†#..##
###...## ##..####


You could see a phantom and 2 goblins.

Vanquished Creatures
  A howler monkey (D:4)
  A gnoll (D:1)
  2 adders
  2 worms
  An orc (D:4)
  7 endoplasms
  3 giant cockroaches
  2 goblins
  5 hobgoblins
  3 quokkas
  5 ball pythons
  6 bats
  A frilled lizard (D:1)
  7 kobolds
  8 rats
54 creatures vanquished.

Notes
Turn   | Place    | Note
-------+----------+-------------------------------------------
     0 | D:1      | thiscave3701365 the Minotaur Berserker began the quest for
                  | the Orb.
     0 | D:1      | Reached XP level 1. HP: 19/19 MP: 0/0
   415 | D:1      | Reached XP level 2. HP: 27/27 MP: 1/1
   506 | D:1      | Reached skill level 4 in Axes
  1083 | D:1      | Found a faded altar of an unknown god.
  1511 | D:2      | Reached XP level 3. HP: 14/33 MP: 2/2
  1867 | D:2      | Found a broken altar of Ashenzari.
  2683 | D:3      | Reached XP level 4. HP: 41/41 MP: 3/3
  2768 | D:3      | Found a runed translucent gate.
  2768 | D:3      | Found a runed translucent gate.
  2768 | D:3      | Found a runed translucent gate.
  2853 | D:3      | Reached ** piety under Trog
  3087 | D:3      | Noticed pkoi's ghost (weakling DgCj)
  3314 | D:4      | Reached skill level 5 in Axes
  3427 | D:4      | Noticed a phantom
  3433 | D:4      | HP: 2/41 [phantom (6)]
  3437 | D:4      | Slain by a goblin

Illustrated notes

Levels and vault maps discovered:
D:1:      minmay_arrival_floating_metal, layout_loops_corners,
          shapermc_ecumenical_altar_notcrosses, minivault_11
D:2:      layout_basic, basic_altar
D:3:      layout_basic, gammafunk_ghost_icy
D:4:      minmay_chambers_of_twos, layout_loops_cross,
          minmay_temple_entry_fiery, minmay_fractal_squares_5, uniq_ijyb

Skill      XL: |  1  2  3  4 |
---------------+-------------+-----
Axes           | 4 5 |  5.8
Fighting       | 4 |  4.4
Armour         | |  2.5
Dodging        | |  2.6
Stealth        | |  0.3

Action                   |  1- 3 |  4- 6 || total
-------------------------+-------+-------++-------
Melee: Hand axe          |    84 |    29 ||   113
       Headbutt          |    14 |     6 ||    20
       Punch             |       |     1 ||     1
Invok: Berserk           |     2 |     1 ||     3
 Stab: Sleeping          |     1 |       ||     1
       Distracted        |       |     1 ||     1
Armor: Animal skin       |    11 |     2 ||    13
Dodge: Dodged            |    46 |    24 ||    70
